cohdb
Replays
Latest Replays
All Replays
Popular Replays
Top Player Replays
Match Explorer
How It Works
Community
CoH3 Stats
Reddit
Sign in to upload your games and track your stats! →
Sign in with Steam
Match 43922588
Unlisted
Match 43922588
Overview
Messages
Build Orders
End
Panzergrenadier Squad
250 Light Carrier
Panzergrenadier Squad
Construct Light Support Kompanie
Selects Battlefield Espionage Battlegroup
2.5-tonne Medical Truck
Selects Intel Disruption Beacon
Selects 250/3 Funkpanzerwagen
Panzergrenadier Squad
250/3 Funkpanzerwagen
Combat Half-tracks
Construct Mechanized Kompanie
250/3 Funkpanzerwagen
Selects Advanced Ambush Training
8 Rad Armored Car
2.5-tonne Medical Truck
Selects Plunder
Panzergrenadier Squad
Veteran Squad Leaders
Selects Disruption Operation
Assault Mechanized Group
Construct Panzerarmee Kommand
Panzer III L Medium Tank
anioki
Der Guckler
BlackStormIV
Spirit
von_hinten_rein
zharartm
0
0
Comments
sign in to comment!
No comments posted yet!